 Dungeon Crawl Stone Soup version 0.18.1-48-g4cf74bf (console) character file.

221 utis the Sneak (level 6, 0/44 HPs)
             Began as a Human Assassin on Aug 26, 2016.
             Slain by Crazy Yiuf
             ... wielding a +2 quarterstaff of chaos
              (2 damage)
             ... on level 3 of the Dungeon.
             The game lasted 00:11:32 (5020 turns).

utis the Sneak (Human Assassin)                     Turns: 5020, Time: 00:11:33

Health: 0/44       AC:  0    Str: 12      XL:     6   Next: 18%
Magic:  5/6        EV: 13    Int: 10 (11) God:
Gold:   147        SH:  0    Dex: 14 (16) Spells: 0 memorised, 5 levels left

rFire  . . .     SeeInvis .     a - +2 dagger
rCold  . . .     Gourm    .     (no armour)
rNeg   . . .     Faith    .     (no shield)
rPois  .         Spirit   .     (no helmet)
rElec  .         Dismiss  .     (no cloak)
rCorr  .         Reflect  .     (no gloves)
SustAt .         Harm     .     (no boots)
MR     .....                    (no amulet)
Stlth  +++.......               (no ring)
                                (no ring)

@: drained, not resistant to hostile enchantments, fairly stealthy
A: no striking features
a: no special abilities


You were on level 3 of the Dungeon.
You were not hungry.

You visited 1 branch of the dungeon, and saw 3 of its levels.

You collected 147 gold pieces.

Inventory:

Hand Weapons
 a - a +2 dagger (weapon)
 b - a +0 hunting sling
 c - a +0 blowgun {@w1}
 r - a +0 short sword
 x - a +0 trident
Missiles
 f - 2 curare-tipped needles {=f}
 k - 68 stones (quivered)
 D - 19 arrows
Armour
 w - a +2 pair of boots
Jewellery
 n - an uncursed amulet of faith {unknown}
 o - an uncursed ring of flight {unknown}
Wands
 i - a wand of random effects (13/48)
 q - a wand of polymorph (4/24)
Scrolls
 d - 2 scrolls of remove curse {unknown}
 h - a scroll of immolation {unknown}
 j - a scroll of fog {unknown}
 l - a scroll of teleportation {unknown}
 m - 3 scrolls of amnesia {unknown}
 t - a scroll of noise {unknown}
 y - a scroll of recharging {unknown}
 z - 2 scrolls of identify {unknown}
 A - a scroll of blinking {unknown}
Potions
 u - a potion of flight {unknown}
 v - a potion of magic {unknown}
 C - a potion of haste {unknown}
Comestibles
 g - 2 bread rations {@e1}
 p - a meat ration {@e1}
 s - a beef jerky {@e2}
 B - 2 slices of pizza {@e2}


   Skills:
 - Level 2.0(1.7) Fighting
 * Level 4.5(4.2) Short Blades
 - Level 2.0(1.7) Throwing
 + Level 2.7(2.4) Dodging
 + Level 5.0(4.7) Stealth


You had 5 spell levels left.
You didn't know any spells.

Dungeon Overview and Level Annotations

Branches:
Dungeon (3/15)

Altars:
Pakellas
Zin

Shops:
D:3 }

Annotations:
D:3 Crazy Yiuf


Message History

You hit Crazy Yiuf.
Crazy Yiuf is heavily wounded.
Crazy Yiuf misses you.
You hit Crazy Yiuf but do no damage.
Crazy Yiuf is heavily wounded.
Crazy Yiuf closely misses you.
You barely miss Crazy Yiuf.
Crazy Yiuf is heavily wounded.
You closely miss Crazy Yiuf.
Crazy Yiuf is heavily wounded.
Crazy Yiuf grits, "Paint return to song aubergine!"
Crazy Yiuf hits you with a quarterstaff of chaos.
* * * LOW HITPOINT WARNING * * *
x2 You hit Crazy Yiuf but do no damage.
Crazy Yiuf is heavily wounded.
Crazy Yiuf whimpers, "Cards!
Pitchfork action tea."
Crazy Yiuf hits you with a quarterstaff of chaos.
* * * LOW HITPOINT WARNING * * *
You feel drained.
You die...

░░░ ░░➘░ ░..
░..░░░░░
░..░░░░░░░......░
░...........░░░.░
░...░░░░░.░░░ ░.░
░░░.░ ░..░ ░.░
░.░ ░░.░░ ░.░
░.░░░..░░░░░░.░
░.░░.......pg.░
░.░░..░░░░░░░░░
░.░░.░░
░░░░░░....░
..........░
░░░░░░░░..░ ░..░
░..░ ░..░


You could see Crazy Yiuf.

Vanquished Creatures
  Jessica (D:2)
  Terence (D:2)
  Ijyb (D:2)
  A worker ant (D:3)
  3 adders
  An ooze (D:3)
  2 worms (D:3)
  6 dart slugs
  A giant gecko (D:3)
  2 orcs (D:3)
  A ball python (D:1)
  2 giant cockroaches (D:3)
  10 hobgoblins
  11 kobolds
  2 quokkas
  7 bats
  2 giant newts
  10 goblins
  5 rats
69 creatures vanquished.

Notes
Turn   | Place    | Note
--------------------------------------------------------------
     0 | D:1      | utis the Human Assassin began the quest for the Orb.
     0 | D:1      | Reached XP level 1. HP: 16/16 MP: 1/1
   562 | D:1      | Reached XP level 2. HP: 22/22 MP: 2/2
  1039 | D:1      | Reached XP level 3. HP: 17/27 MP: 3/3
  1915 | D:2      | Noticed Ijyb
  2166 | D:2      | Noticed Terence
  2220 | D:2      | Killed Ijyb
  2220 | D:2      | Reached XP level 4. HP: 18/33 MP: 4/4
  2458 | D:2      | Killed Terence
  2458 | D:2      | Reached XP level 5. HP: 38/38 MP: 5/5
  2532 | D:2      | Found a glowing silver altar of Zin.
  2651 | D:2      | Noticed Jessica
  2669 | D:2      | Killed Jessica
  4243 | D:3      | Reached XP level 6. HP: 43/44 MP: 6/6
  4724 | D:3      | Found an oddly glowing altar of Pakellas.
  4724 | D:3      | Found Pakellas's Prime Provisions.
  4805 | D:3      | Reached skill level 5 in Stealth
  4972 | D:3      | Noticed Crazy Yiuf
  4990 | D:3      | crap
  5020 | D:3      | HP: 2/44 [Crazy Yiuf/quarterstaff of chaos (6)]
  5020 | D:3      | Slain by Crazy Yiuf

Skill      XL: |  1  2  3  4  5  6 |
---------------+-------------------+-----
Short Blades   | 3 4 |  4.5
Dodging        | 2 |  2.7
Stealth        | 5 |  5.0
Fighting       | |  2.0
Throwing       | |  2.0

Action                   |  1- 3 |  4- 6 || total
-------------------------+-------+-------++-------
Melee: Dagger            |   121 |   145 ||   266
       Trident           |       |     3 ||     3
 Fire: Blowgun           |     4 |    24 ||    28
       Hunting sling     |       |    11 ||    11
Throw: Stone             |    16 |    33 ||    49
  Use: Potion            |     1 |     3 ||     4
 Stab: Sleeping          |     2 |     4 ||     6
       Invisible         |       |     2 ||     2
  Eat: Chunk             |     4 |     9 ||    13
Dodge: Dodged            |    73 |    69 ||   142
